 Dungeon Crawl Stone Soup version 0.30-a0-578-gdee14c521f (webtiles) character file.

Game seed: 12611666922674872921

104 cforsyth the Ruffian (level 4, -9/41 HPs)
             Began as a Ghoul Monk on Dec 31, 2022.
             Mangled by Sigmund
             ... wielding a +2 scythe of protection
              (11 damage)
             ... on level 3 of the Dungeon.
             The game lasted 00:03:05 (2205 turns).

cforsyth the Ruffian (Ghoul Monk)                   Turns: 2205, Time: 00:03:06

Health: -9/41      AC:  2    Str: 14      XL:     4   Next: 80%
Magic:  3/3        EV: 12    Int:  6 (7)  God:
Gold:   70         SH:  0    Dex: 10 (11) Spells: 3/3 levels left

rFire   . . .      SeeInvis .      - Unarmed
rCold   + . .      Faith    .    (no shield)
rNeg    + + +      Spirit   .    a - +0 robe
rPois   ∞          Reflect  .    (no helmet)
rElec   .          Harm     .    (no cloak)
rCorr   .          Rampage  .    (no gloves)
Will    .....                    (no boots)
Stlth   +                        (no amulet)
HPRegen 0.00/turn                (no ring)
MPRegen 0.08/turn                (no ring)

@: confused, flying, inhibited regen
A: claws 1, cold resistance 1, negative energy resistance 3, inhibited
regeneration, torment resistance 2, devour on kill
a: no special abilities


You were on level 3 of the Dungeon.
You visited 1 branch of the dungeon, and saw 3 of its levels.

You collected 70 gold pieces.

Inventory:

Armour
 a - a +0 robe (worn)
Jewellery
 h - a ring of ice
Wands
 n - a wand of digging (2)
Scrolls
 d - 2 scrolls of identify {unknown}
 e - 2 scrolls of teleportation {unknown}
 k - a scroll of noise {unknown}
 l - 3 scrolls of enchant weapon {unknown}
 m - 3 scrolls of fear {unknown}
Potions
 b - a potion of ambrosia
 f - a potion of curing


   Skills:
 + Level 4.7 Fighting
 - Level 2.6 Dodging
 - Level 2.1 Stealth
 + Level 4.7 Unarmed Combat


You had 3 spell levels left.
You didn't know any spells.
Your spell library contained the following spells:

 Spells                   Type           Power      Damage    Failure   Level
 Apportation              Tloc           0%         N/A       45%         1
 Magic Dart               Conj           0%         1d3       45%         1
 Necrotise                Necr           0%         1d4       45%         1


Dungeon Overview and Level Annotations

Branches:
Dungeon (3/15)

Altars:

Shops:
D:2 ((=(=

Annotations:
D:3 Sigmund


Innate Abilities, Weirdness & Mutations

You are immune to poison.
You have sharp fingernails.
Your flesh is cold resistant. (rC+)
You are immune to negative energy. (rN+++)
You do not regenerate when monsters are visible.
You are immune to unholy pain and torment.
You thrive by killing the living.


Message History

No target in view!
No target in view!
No target in view!
No target in view!
No target in view!
No target in view!
No target in view!
No target in view!
No target in view!
No target in view!
You miss something. Something hits you.
You closely miss something.
You flicker back into view.
You miss something. Something hits you.
You closely miss something. You scratch something but do no damage.
You hear some strange, mumbled words.
You are confused.
You barely miss something.
You hear some strange, mumbled words.
Something tries to affect you, but you resist.
You barely miss something.
You hear some strange, mumbled words.
A puff of flame appears from out of thin air!
The puff of flame misses you.
You're too confused to move!
You hear a zap.
A puff of flame appears from out of thin air!
The puff of flame hits you!
* * * LOW HITPOINT WARNING * * *
You bump into the rock wall.
You hear some strange, mumbled words.
Something tries to affect you, but you resist.
You miss something.
You hear some strange, mumbled words.
A magic dart appears from out of thin air!
The magic dart hits you.
* * * LOW HITPOINT WARNING * * *
You bump into the rock wall.
Something hits you!
You die...

### #. ..# #. #.# #.
#.# #. #.# #. #.# #.
#.#########
##.#######..........
#.)@..........######
#.{##########.#
8.8.8 #.# ....÷.÷
#.# ......÷ #.#
....... #.# ##
....... #.#####.
_...÷.. #.......
########


There were no monsters in sight!

Vanquished Creatures
  Ijyb (D:3)
  3 adders (D:2)
  2 dart slugs (D:1)
  An orc (D:3)
  4 bats (D:1)
  2 endoplasms
  4 giant cockroaches
  5 hobgoblins
  6 jackals
  5 ball pythons
  4 goblins
  4 kobolds
  4 rats
45 creatures vanquished.

Notes
Turn   | Place    | Note
-------+----------+-------------------------------------------
     0 | D:1      | cforsyth the Ghoul Monk began the quest for the Orb.
     0 | D:1      | Reached XP level 1. HP: 19/19 MP: 0/0
   121 | D:1      | Reached XP level 2. HP: 24/26 MP: 1/1
   503 | D:1      | Reached XP level 3. HP: 33/33 MP: 2/2
   875 | D:2      | Found Hourolic's Antique Weapon Emporium.
   988 | D:2      | Found Metostre's Weapon Shop.
  1027 | D:2      | Found Wosho's Weapon Emporium.
  1092 | D:2      | Found Teica's Jewellery Emporium.
  1534 | D:2      | Found Ymurailo's Jewellery Shop.
  1561 | D:2      | Identified the +9 dagger of Festooned Action {heavy, rF+}
  1642 | D:2      | Reached XP level 4. HP: 34/41 MP: 3/3
  1984 | D:3      | Noticed Ijyb
  2004 | D:3      | Killed Ijyb
  2130 | D:3      | Got Siadugec's Introduction to Willworking
  2168 | D:3      | Found a faded altar of an unknown god.
  2168 | D:3      | Noticed Sigmund
  2204 | D:3      | HP: 2/41 [something/magic dart (5)]
  2205 | D:3      | Mangled by Sigmund

Illustrated notes

Levels and vault maps discovered:
D:1:      dpeg_arrival_boxes_within_box, layout_loops_ring
D:2:      layout_loops_corners, serial_shops, nicolae_shop_bloodbath_and_beyond,
          nicolae_shop_behind_doors, shop, shop, shop
D:3:      layout_loops_ring, nzn_wu_jian_council_hall, serial_shops, shop,
          shapermc_ecumenical_altar_pompeii, nicolae_hexahallways, uniq_ijyb,
          uniq_sigmund, uniq_natasha

Skill      XL: |  1  2 |
---------------+-------+-----
Fighting       | 4 |  4.7
Unarmed Combat | 4 |  4.7
Dodging        | |  2.6
Stealth        | |  2.1

Action                   |  1- 3 |  4- 6 || total
-------------------------+-------+-------++-------
Melee: Unarmed           |   100 |    41 ||   141
  Use: Potion            |       |     5 ||     5
 Stab: Sleeping          |     8 |     1 ||     9
Armor: Robe              |    16 |     4 ||    20
Dodge: Dodged            |    42 |    16 ||    58

Table legend: (Time is in decaauts)
 A = Elapsed time spent in this place.
 B = Non-inter-level travel time spent in this place.
 C = Inter-level travel time spent in this place.
 D = Time resting spent in this place.
 E = Time spent auto-exploring this place.
 F = Levels seen in this place.
 G = Mean time per level.
                   A        B        C        D        E       F      G
               +--------+--------+--------+--------+--------+-----+--------+
         Total |   2194 |   2124 |     70 |      0 |   1814 |   3 |  731.3 |
       Dungeon |   2194 |   2124 |     70 |      0 |   1814 |   3 |  731.3 |
               +--------+--------+--------+--------+--------+-----+--------+

Top non-repeatable levels by time:
     D:2: 1115 daAuts
     D:1: 860 daAuts
     D:3: 217 daAuts
